Map: King's Cove LE

Players

Lambo - Winner!

  • Race: Zerg Zerg
  • League: Master
  • Spawn Location: 11:00

PtitDrogo

  • Race: Protoss Protoss
  • League: Grandmaster
  • Spawn Location: 5:00

Event: 2019 WCS Winter Europe

VOD

Have the link to the VOD?

Description

Time

  • Played on: March 23, 2019, 10:07 a.m.
  • Length: 9:11

All games in this series

Show
View Real Time Build Order
Export as new Build Order

Lambo Zerg - Winner!

Build Orders: Hatch First, Roach Hydra 

Get SALT Encoding   

  12  0:00  Drone  
  13  0:13  Overlord  
  13  0:17  Drone  
  14  0:32  Drone x2  
  16  0:48  Hatchery  
  15  0:53  Drone  
  15  0:57  Drone  
  17  1:00  Drone  
  18  1:11  Extractor  
  17  1:16  Spawning Pool  
  17  1:18  Drone  
  17  1:22  Drone  
  18  1:29  Drone  
  19  1:40  Drone  
  20  1:50  Overlord  
  20  2:03  Queen x2  
  20  2:05  Zergling x4  
  26  2:11  Metabolic Boost  
  26  2:13  Drone  
  26  2:15  Drone  
  28  2:24  Drone x2  
  30  2:38  Hatchery  
  30  2:42  Drone  
  30  2:45  Drone  
  30  2:50  Drone  
  30  2:51  Overlord  
  32  2:56  Drone  
  33  3:01  Queen  
  35  3:06  Drone  
  35  3:12  Spore Crawler  
  35  3:14  Spore Crawler  
  35  3:19  Drone x4  
  40  3:24  Drone  
  41  3:27  Drone  
  41  3:29  Overlord  
  41  3:31  Spore Crawler  
  41  3:33  Spore Crawler, Drone  
  41  3:40  Queen, Drone  
  44  3:48  Drone  
  45  3:53  Drone  
  45  3:54  Drone x4  
  50  3:56  Drone  
  50  3:58  Drone x2  
  52  4:07  Drone x2  
  52  4:08  Drone  
  52  4:09  Spore Crawler  
  55  4:17  Drone x3  
  55  4:19  Roach Warren  
  55  4:21  Overlord  
  55  4:23  Drone  
  57  4:28  Lair  
  57  4:36  Zergling x2  
  57  4:37  Overlord  
  58  4:39  Overlord, Queen  
  58  4:41  Drone x3  
  58  4:44  Extractor  
  58  4:45  Extractor, Drone  
  61  4:47  Drone  
  61  4:50  Drone x3  
  65  4:53  Overlord  
  65  4:54  Overlord  
  65  4:57  Drone  
  65  4:59  Evolution Chamber  
  65  5:06  Roach x5  
  75  5:16  Roach x2  
  75  5:18  Overlord  
  75  5:20  Drone x4  
  83  5:22  Extractor  
  83  5:23  Extractor, Drone x2  
  83  5:30  Roach x2  
  83  5:31  Zerg Missile Weapons Level 1  
  83  5:32  Glial Reconstitution  
  87  5:41  Drone x3  
  87  5:42  Drone x3  
  93  5:44  Roach  
  95  5:51  Roach  
  95  5:52  Overlord  
  95  5:57  Overlord, Hydralisk Den  
  95  5:58  Extractor  
  95  6:01  Overlord  
  94  6:09  Drone x3  
  94  6:11  Overlord, Pneumatized Carapace  
  97  6:12  Overlord, Hatchery  
  97  6:13  Overlord x2  
  96  6:21  Drone x2  
  96  6:22  Drone x2  
  96  6:24  Roach x2  
  96  6:25  Roach x2  
  108  6:29  Muscular Augments  
  108  6:31  Drone  
  109  6:35  Hydralisk x2  
  109  6:36  Roach  
  115  6:40  Overseer  
  115  6:41  Hydralisk  
  115  6:44  Zergling x2  
  118  6:51  Roach x6  
  130  7:03  Hydralisk x4  
  138  7:11  Hydralisk x3  
  138  7:14  Overlord  
  138  7:15  Overlord  
  143  7:16  Roach x2  
  143  7:17  Roach  
  143  7:22  Overlord  
  149  7:25  Roach x4  
  157  7:34  Roach  
  157  7:35  Ravager  
  157  7:36  Roach x2, Zergling x2  
  165  7:40  Grooved Spines  
  165  7:41  Roach x3  
  165  7:42  Roach x2  
  175  7:49  Roach x2  
  175  7:50  Roach x4  
  171  7:53  Roach x2  
  158  7:58  Roach  
  158  8:05  Hydralisk x4  
  168  8:16  Zergling x22  
  178  8:23  Roach x2  
  182  8:28  Overlord  
  182  8:32  Overlord  
  182  8:35  Overlord  
  182  8:36  Overlord  
  182  8:38  Overlord  
  182  8:40  Overlord  
  182  8:51  Overlord  
Show
View Real Time Build Order
Export as new Build Order

PtitDrogo Protoss 

Build Orders: 1 Gate Expand, Oracle Opening, Archon Immortal 

Get SALT Encoding   

  12  0:00  Probe  
  13  0:12  Probe  
  14  0:19  Pylon  
  14  0:25  Probe  
  15  0:33  Probe  
  15  0:39  Gateway  
  15  0:41  Probe  
  16  0:48  Assimilator  
  17  0:51  Probe  
  18  1:03  Probe  
  19  1:15  Probe  
  20  1:26  Nexus  
  20  1:35  Cybernetics Core  
  20  1:39  Probe  
  21  1:46  Assimilator  
  21  1:53  Probe  
  22  1:54  Pylon  
  22  2:02  Adept  
  22  2:05  Probe  
  25  2:17  Probe  
  25  2:19  Stargate  
  26  2:25  Stalker  
  26  2:27  Warp Gate  
  26  2:29  Probe  
  27  2:35  Probe  
  29  2:41  Probe  
  29  2:43  Probe  
  32  2:52  Probe  
  32  2:53  Probe  
  32  2:55  Oracle  
  34  3:05  Probe x2  
  39  3:17  Probe x2  
  41  3:21  Pylon  
  41  3:25  Robotics Facility  
  41  3:29  Probe x2  
  43  3:36  Assimilator  
  43  3:38  Assimilator  
  43  3:41  Probe  
  44  3:42  Probe  
  44  3:44  Gateway  
  45  3:51  Twilight Council  
  45  3:53  Probe  
  45  3:54  Probe  
  47  4:00  Pylon  
  47  4:05  Probe  
  47  4:06  Probe  
  47  4:08  Warp Prism  
  49  4:15  Gateway x2  
  49  4:20  Probe  
  49  4:21  Probe  
  53  4:24  Zealot  
  55  4:34  Probe x2, Pylon  
  57  4:47  Observer  
  57  4:48  Nexus  
  57  4:51  Pylon  
  58  4:53  Probe  
  58  4:54  Probe  
  58  4:58  Pylon  
  60  5:07  Probe x2  
  60  5:12  Immortal  
  62  5:19  Probe, Templar Archives  
  63  5:26  Adept  
  63  5:27  Adept  
  71  5:29  Probe  
  72  5:36  Sentry x2  
  72  5:38  Gateway  
  72  5:39  Gateway  
  76  5:46  Immortal  
  76  5:48  Gateway  
  76  5:52  Gateway  
  80  5:59  Forge  
  80  6:00  Probe  
  80  6:01  Charge  
  80  6:03  Probe  
  82  6:05  Sentry x2  
  82  6:07  Probe  
  82  6:10  High Templar x2  
  91  6:12  Probe  
  91  6:14  Protoss Ground Weapons Level 1  
  91  6:15  Probe  
  93  6:19  Probe  
  93  6:20  Immortal  
  96  6:30  Pylon  
  96  6:32  Pylon  
  96  6:37  Assimilator  
  96  6:40  Assimilator, Pylon  
  96  6:42  High Templar x2  
  100  6:50  Pylon  
  100  6:58  Archon x2  
  100  6:59  Zealot x6  
  112  7:02  Pylon  
  112  7:24  Zealot x2, High Templar x2  
  112  7:25  Zealot x4  
  112  7:28  Archon  
  112  7:29  Pylon  
  128  7:31  Pylon  
  128  7:49  Zealot x3  
  128  7:50  Zealot x3  
  113  7:55  Probe  
  77  8:06  High Templar x2  
  77  8:07  Probe x2  
  83  8:16  Zealot x6  
  95  8:23  Probe  
  95  8:25  Immortal  
  95  8:27  Pylon, Archon  
  96  8:30  Pylon  
  96  8:37  High Templar  
  96  8:38  High Templar  
  96  8:40  Zealot x6  
  116  8:42  Archon  
  111  9:00  Zealot x6  
Tags
 
Add a new tag
Caveats
  • Supply blocks, unpowered buildings, or Contaminate may cause inaccurate times.
  • Supply counts are checked every 10 seconds.